AoeStats
← 2-ray

Arena

509720828Analyzed
4v4 RM · 4d ago on Sep 27, 2026· 44m 15s· 8 players
Game mode
Random Map
Map size
Large (8 player)
Population
200
Speed
Normal
Resources
Standard
Victory
Conquest
Starting age
Dark Age
Ending age
Imperial Age
RankedLock teamsTeams togetherTeam positionsShared explorationLock speedFull tech treeHidden civsTurbo modeCheats
Victory
Defeat
🇩🇪 Dravidians · Germany
1466
+11
🇹🇷 Varangians · Türkiye
1444
+12
🇨🇿 Britons · Czechia
1418
+13
🇪🇸 Khmer · Spain
1377
+15
🇩🇪 Saxons · Germany
1389
-14
🇷🇺 Saracens · Russia
1362
-13
🇲🇽 Hindustanis · Mexico
1344
-12
🇩🇪 Danes · Germany
1341
-12
Rakosnik
5:37 Loom
8:30 Feudal Age
6:48 Loom
14:49 Double-Bit Axe
17:43 Fletching
20:08 Horse Collar
24:09 Castle Age
23:22 Padded Archer Armor
24:31 Crossbowman
25:07 Bodkin Arrow
27:13 Bow Saw
27:19 Gold Mining
27:32 Heavy Plow
28:12 Wheelbarrow
33:20 Imperial Age
34:08 Bracer
35:29 Arbalester
37:09 Yeomen
38:36 Ballistics
40:51 Chemistry
41:44 Conscription
42:33 Gold Shaft Mining
42:51 Squires
43:15 Leather Archer Armor
43:12 Siege Engineers
mano
9:48 Feudal Age
13:12 Castle Age
11:28 Double-Bit Axe
14:31 Scale Barding Armor
17:38 Loom
21:11 Wheelbarrow
24:41 Hand Cart
26:16 Bow Saw
29:05 Imperial Age
26:17 Horse Collar
26:46 Gold Mining
27:02 Town Watch
27:56 Scale Mail Armor
28:06 Forging
28:01 Stone Mining
28:37 Heavy Plow
28:15 Pikeman
29:17 Capped Ram
29:34 Halberdier
31:54 Siege Ram
32:55 Chain Mail Armor
34:52 Iron Casting
36:09 Heavy Scorpion
38:17 Blast Furnace
38:28 Chemistry
37:34 Siege Engineers
38:08 Ballistics
37:55 Arson
39:13 Fletching
39:22 Murder Holes
39:37 Masonry
39:39 Fortified Wall
40:01 Town Patrol
39:58 Bodkin Arrow
44:01 Bracer
44:32 Architecture
Kr4mer
10:04 Feudal Age
13:43 Castle Age
12:04 Double-Bit Axe
12:25 Horse Collar
14:24 Heavy Plow
14:35 Bow Saw
22:46 Gold Mining
23:26 Stone Mining
23:58 Loom
23:59 Town Watch
25:42 Wheelbarrow
28:32 Imperial Age
26:36 Scale Barding Armor
27:30 Husbandry
27:41 Bloodlines
27:47 Forging
28:18 Chain Barding Armor
29:04 Iron Casting
29:34 Conscription
30:21 Plate Barding Armor
29:38 Elite Jarl
30:19 Treadmill Crane
30:51 Masonry
31:43 Chemistry
32:24 Blast Furnace
2-ray
10:06 Feudal Age
14:25 Castle Age
12:33 Double-Bit Axe
12:32 Horse Collar
14:23 Loom
15:36 Bow Saw
15:27 Heavy Plow
17:35 Wheelbarrow
19:32 Heavy Plow
23:35 Fletching
24:10 Gold Mining
25:07 Town Watch
26:03 Hand Cart
29:43 Imperial Age
27:32 Padded Archer Armor
28:29 Ballistics
28:09 Stone Mining
28:39 Bodkin Arrow
29:25 Thumb Ring
29:37 Leather Archer Armor
30:30 Bracer
31:20 Elite Elephant Archer
33:02 Chemistry
32:30 Siege Elephant
34:00 Ring Archer Armor
34:03 Masonry
33:58 Devotion
35:32 Medical Corps
37:17 Two-Man Saw
36:15 Murder Holes
36:58 Conscription
37:54 Pikeman
38:34 Squires
38:36 Scale Mail Armor
38:46 Forging
39:09 Halberdier
41:51 Bombard Tower
44:26 Chain Mail Armor
44:49 Hoardings
danntheman
10:02 Feudal Age
13:52 Castle Age
12:15 Double-Bit Axe
12:33 Horse Collar
14:57 Bow Saw
17:11 Heavy Plow
18:29 Wheelbarrow
22:26 Hand Cart
23:56 Gold Mining
24:55 Loom
28:44 Imperial Age
26:18 Scale Mail Armor
26:49 Forging
26:42 Squires
26:51 Town Watch
27:48 Chain Mail Armor
28:29 Stone Mining
28:50 Onager
30:55 Plate Mail Armor
30:46 Arson
31:42 Gold Shaft Mining
32:36 Chemistry
31:18 Elite Varangian Guard
33:33 Conscription
32:51 Siege Onager
33:42 Fletching
33:52 Elite Varangian Guard
34:44 Siege Engineers
35:39 Siege Onager
37:29 Iron Casting
37:49 Masonry
39:20 Blast Furnace
39:22 Stone Shaft Mining
39:46 Padded Archer Armor
39:42 Bodkin Arrow
40:30 Ballistics
39:50 Elite Skirmisher
39:56 Hamask
41:28 Leather Archer Armor
41:30 Thumb Ring
42:54 Bracer
43:25 Ring Archer Armor
w h i z.
10:36 Feudal Age
14:39 Castle Age
12:50 Double-Bit Axe
13:22 Horse Collar
15:54 Bow Saw
16:59 Heavy Plow
17:30 Gold Mining
21:33 Wheelbarrow
26:06 Hand Cart
26:53 Stone Mining
27:06 Squires
27:06 Loom
27:07 Town Watch
27:49 Scale Mail Armor
27:59 Forging
30:54 Imperial Age
29:39 Ballistics
29:09 Treadmill Crane
29:39 Masonry
29:49 Chain Mail Armor
30:36 Iron Casting
29:51 Fletching
30:33 Arson
31:50 Fortified Wall
32:36 Conscription
31:41 Elite Hearth Troop
33:07 Plate Mail Armor
32:33 Bodkin Arrow
33:43 Chemistry
32:18 Shield Wall
35:41 Architecture
34:43 Elite Varangian Guard
36:09 Bracer
38:50 Pikeman
40:53 Padded Archer Armor
40:49 Crossbowman
Warrior
7:11 Loom
9:35 Feudal Age
10:33 Town Watch
10:49 Double-Bit Axe
13:07 Horse Collar
17:48 Fletching
21:24 Stone Mining
23:46 Wheelbarrow
26:18 Castle Age
24:29 Gold Mining
28:10 Hand Cart
30:52 Imperial Age
28:50 Bow Saw
29:43 Scale Barding Armor
29:49 Forging
30:51 Heavy Plow
31:03 Bloodlines
30:56 Husbandry
31:46 Chain Barding Armor
31:38 Husbandry
33:47 Iron Casting
33:54 Iron Casting
34:54 Conscription
40:36 Two-Man Saw
Ezemic
0:26 Loom
9:59 Feudal Age
14:13 Castle Age
19:46 Bloodlines
20:47 Scale Barding Armor
22:52 Double-Bit Axe
24:55 Husbandry
24:47 Horse Collar
27:52 Forging
31:09 Chain Barding Armor
33:24 Wheelbarrow
33:26 Iron Casting
39:01 Imperial Age
40:11 Scale Mail Armor
Connection lost

Rejoining the realm…

Still unreachable

The connection could not be restored.

Session expired

The server has moved on; the page needs a fresh start.